 Dungeon Crawl Stone Soup version 0.28-a0-199-g298df9dbad (webtiles) character file.

Game seed: 6934752785227845332

542070 freelancePsychic the Phalangite (level 26, -9/196 HPs)
             Began as a Merfolk Ice Elementalist on Aug 19, 2021.
             Was the Champion of the Shining One.
             Killed from afar by a purple draconian knight (41 damage)
             ... with a bolt of dispelling energy
             ... on level 5 of the Depths.
             The game lasted 02:03:45 (70328 turns).

freelancePsychic the Phalangite (MfIE)             Turns: 70328, Time: 02:03:46

Health: -9/196     AC: 32    Str: 14    XL:     26   Next: 2%
Magic:  14/33      EV: 27    Int: 17    God:    the Shining One [******]
Gold:   4250       SH:  5    Dex: 22    Spells: 20/33 levels left

rFire   + + .      SeeInvis .   d - +12 bardiche "Otwust" {speed, +Rage rC+ Dex-2}
rCold   + . .      Faith    .   (shield currently unavailable)
rNeg    + + +      Spirit   .   F - +8 fire dragon scales
rPois   .          Reflect  +   i - +2 helmet
rElec   .          Harm     .   J - +2 cloak "Ekivustropay" {Rampage rC+ Slay+3}
rCorr   .          Rampage  +   Z - +2 pair of gloves
Will    +....                   U - +2 pair of boots {Stlth+}
Stlth   +.........              D - amulet of reflection
HPRegen 0.42/turn               B - +4 ring of evasion
MPRegen 0.23/turn               I - +6 ring of dexterity

@: glowing
A: (nimble swimmer 2), mertail, frail 1, low mp 1, subdued magic 1
}: 3/15 runes: decaying, abyssal, gossamer
a: Renounce Religion, Evoke Berserk Rage, Divine Shield, Cleansing Flame, Summon
Divine Warrior, Brand Weapon With Holy Wrath


You were on level 5 of the Depths.
You worshipped the Shining One.
The Shining One was exalted by your worship.
You visited 10 branches of the dungeon, and saw 44 of its levels.
You visited the Abyss 1 time.
You also visited: Ossuary, Volcano and Wizlab.

You collected 5774 gold pieces.
You spent 1524 gold pieces at shops.

Inventory:

Hand Weapons
 d - the +12 bardiche "Otwust" (weapon) {speed, +Rage rC+ Dex-2}
   (You acquired it on level 11 of the Dungeon)

   Attacks with this weapon are significantly faster.
   Dex:       It affects your dexterity (-2).
   rC:        It protects you from cold.
   +Rage:     It lets you go berserk.
Missiles
 a - 4 javelins
 r - 6 silver javelins
 Q - 2 throwing nets
Armour
 i - a +2 helmet (worn)
 x - a +2 cloak of stealth
 F - +8 fire dragon scales (worn)
 J - the +2 cloak "Ekivustropay" (worn) {Rampage rC+ Slay+3}
   (You found it in a wizard's laboratory)

   Slay:      It affects your accuracy & damage with ranged weapons and melee
   (+3).
   rC:        It protects you from cold.
   Rampage:   It bestows one free step when moving towards enemies.
 U - a +2 pair of boots of stealth (worn)
 Z - a +2 pair of gloves (worn)
Jewellery
 B - a +4 ring of evasion (left hand)
 D - an amulet of reflection (around neck)
 G - a ring of resist corrosion
 I - a +6 ring of dexterity (right hand)
 W - a ring of ice
Wands
 f - a wand of flame (36)
 g - a wand of polymorph (41)
 t - a wand of mindburst (31)
 M - a wand of acid (6)
 P - a wand of iceblast (30)
 V - a wand of paralysis (22)
Scrolls
 c - a scroll of silence
 o - a scroll of holy word
 s - 16 scrolls of teleportation {@r4}
 u - a scroll of enchant armour
 v - 7 scrolls of enchant weapon
 w - 2 scrolls of fear
 y - 7 scrolls of magic mapping
 C - 9 scrolls of vulnerability
 E - 7 scrolls of blinking
 K - a scroll of fog
 L - 6 scrolls of immolation
 O - 8 scrolls of amnesia
 S - 19 scrolls of identify {@r1}
 T - 2 scrolls of brand weapon
 Y - 3 scrolls of summoning
Potions
 b - 6 potions of invisibility
 e - 3 potions of berserk rage
 h - 8 potions of might
 j - 9 potions of flight
 k - 7 potions of haste {@q3}
 l - 5 potions of curing {@q1}
 m - 6 potions of lignification
 n - 11 potions of brilliance
 p - 10 potions of attraction
 q - 7 potions of degeneration
 z - a potion of resistance
 A - 5 potions of mutation
 H - 4 potions of cancellation
 N - 7 potions of ambrosia
 R - 2 potions of magic
 X - a potion of heal wounds {@q2}


   Skills:
 - Level 20.0 Fighting
 - Level 26.0 Polearms
 + Level 8.4 Armour
 - Level 23.6 Dodging
 - Level 2.1 Stealth
 - Level 4.0 Spellcasting
 - Level 19.2 Transmutations
 - Level 7.8 Ice Magic
 + Level 10.4 Earth Magic
 - Level 19.6 Invocations
 - Level 7.9 Evocations


You had 20 spell levels left.
You knew the following spells:

 Your Spells              Type           Power      Damage    Failure   Level
a - Freeze                Ice            92%        1d10      1%          1
b - Frozen Ramparts       Ice            46%        1d6       7%          3
c - Ozocubu's Armour      Ice            23%        N/A       7%          3
d - Statue Form           Tmut/Erth      27%        N/A       21%         6

Your spell library contained the following spells:

 Spells                   Type           Power      Damage    Failure   Level
 Sandblast                Erth           60%        2d14      1%          1
 Passwall                 Tmut/Erth      34%        N/A       1%          2
 Ice Form                 Ice/Tmut       38%        N/A       1%          4
 Blade Hands              Tmut           26%        N/A       1%          5
 Spider Form              Tmut/Pois      13%        N/A       3%          3
 Ignite Poison            Fire/Tmut/Pois 19%        N/A       12%         3
 Ensorcelled Hibernation  Hex/Ice        24%        N/A       17%         2
 Dragon Form              Tmut           26%        N/A       19%         7
 Stone Arrow              Conj/Erth      32%        3d9       21%         3
 Lee's Rapid Deconstruct  Erth           15%        3d11*     22%         5
 Animate Skeleton         Necr           4%         N/A       52%         1
 Apportation              Tloc           4%         N/A       52%         1
 Corona                   Hex            2%         N/A       52%         1
 Shock                    Conj/Air       8%         1d3       52%         1
 Summon Small Mammal      Summ           8%         N/A       52%         1
 Animate Armour           Summ/Erth      32%        N/A       58%         4
 Leda's Liquefaction      Hex/Erth       8%         N/A       58%         4
 Blink                    Tloc           N/A        N/A       67%         2
 Call Imp                 Summ           2%         N/A       67%         2
 Slow                     Hex            2%         N/A       67%         2
 Static Discharge         Conj/Air       2%         N/A       67%         2
 Hailstorm                Conj/Ice       12%        3d5       77%         4
 Summon Ice Beast         Ice/Summ       12%        N/A       77%         4
 Confusing Touch          Hex            2%         N/A       88%         3
 Dazzling Flash           Conj/Hex       4%         N/A       88%         3
 Gell's Gravitas          Tloc           1%         N/A       88%         3
 Lesser Beckoning         Tloc           1%         N/A       88%         3
 Mephitic Cloud           Conj/Pois/Air  2%         N/A       88%         3
 Portal Projectile        Hex/Tloc       4%         N/A       88%         3
 Summon Guardian Golem    Hex/Summ       2%         N/A       88%         3
 Teleport Other           Tloc           2%         N/A       88%         3
 Tukima's Dance           Hex            2%         N/A       88%         3
 Vampiric Draining        Necr           1%         2d6       88%         3
 Cause Fear               Hex            1%         N/A       99%         4
 Olgreb's Toxic Radiance  Pois           2%         N/A       99%         4
 Sticky Flame             Conj/Fire      2%         2d3       99%         4
 Bolt of Magma            Conj/Fire/Erth 5%         4d5       99%         5
 Agony                    Necr           2%         N/A       100%        5
 Excruciating Wounds      Necr           1%         N/A       100%        5
 Fireball                 Conj/Fire      1%         3d3       100%        5
 Lightning Bolt           Conj/Air       1%         1d12      100%        5
 Manifold Assault         Tloc           2%         N/A       100%        5
 Silence                  Hex/Air        1%         N/A       100%        5
 Summon Forest            Summ/Tloc      1%         N/A       100%        5
 Summon Mana Viper        Hex/Summ       2%         N/A       100%        5
 Shadow Creatures         Summ           N/A        N/A       100%        6
 Starburst                Conj/Fire      1%         6d3       100%        6
 Malign Gateway           Summ/Tloc      1%         N/A       100%        7
 Orb of Destruction       Conj           1%         N/A       100%        7
 Ozocubu's Refrigeration  Ice            11%        4d7       100%        7
 Spellforged Servitor     Conj/Summ      1%         N/A       100%        7
 Disjunction              Tloc           1%         N/A       100%        8
 Ignition                 Fire           1%         3d3       100%        8
 Lehudib's Crystal Spear  Conj/Erth      8%         10d3      100%        8
 Maxwell's Capacitive Co  Air            1%         ∞         100%        8
 Dragon's Call            Summ           1%         N/A       100%        9


Dungeon Overview and Level Annotations

Branches:
Dungeon (15/15)            Temple (0/1) D:4            Lair (6/6) D:9
  Swamp (4/4) Lair:3       Spider (4/4) Lair:3        Slime (0/5) Lair:5
    Orc (2/2) D:11            Elf (0/3) Orc:2        Vaults (3/5) D:13
  Crypt (3/3) Vaults:3       Tomb (1/3) Crypt:3      Depths (5/5) D:15
    Zot (1/5) Depths:5    Ossuary (visited)         Volcano (visited)
 WizLab (visited)

Altars:
Ashenzari
Dithmenos
Fedhas
Gozag
Kikubaaqudgha
Nemelex Xobeh
Qazlal
Ru
Sif Muna
Trog
Uskayaw
Vehumet
Wu Jian
Xom
Yredelemnul
Zin
The Shining One
Jiyva

Shops:
D:5 ?   D:14 !!   Orc:2 *::[   Depths:5 [

Portals:
Hell: Depths:1 Depths:2 Depths:3 Depths:4 Depths:5
Abyss: Depths:1 Depths:4 Depths:5
Pandemonium: Depths:3
Ziggurat: Depths:3

Annotations:
D:2 Sigmund
D:10 2 transporters, DemonSlayer's ghost, journeyman HuBe
Swamp:1 2 transporters, freelancePsychic's ghost, adept MiBe
Depths:3 3 runed translucent doors, arson's ghost, veteran MiBe
Depths:5 3 runed translucent doors, Bocughoh's ghost, adept HaHu


Innate Abilities, Weirdness & Mutations

((You are quick and stealthy near water. (Stealth+, EV+, Speed+++)))
Your lower body shifts to a powerful aquatic tail in water.
You are frail. (-10% HP)
Your magical capacity is low. (-10% MP)
Your spells are a little easier to cast, but a little less powerful.


Message History

The purple draconian knight completely misses you.
The death cob barely misses you. The purple draconian knight misses you.
The golden flame engulfs you but does no damage.
You resist.
The golden flame engulfs the death cob!!!
The death cob writhes in agony!
You destroy the death cob!
The Shining One accepts your kill.
You feel better.
You feel your power returning.
The golden flame engulfs the purple draconian knight!!
The purple draconian knight is heavily wounded.
The purple draconian knight hits you with a +0 great mace! x2
You slash the purple draconian knight!
The purple draconian knight is heavily wounded.
The purple draconian knight hits you with a +0 great mace!
You slash the purple draconian knight!
The purple draconian knight is heavily wounded.
The purple draconian knight hits you with a +0 great mace.
* * * LOW HITPOINT WARNING * * *
You feel much better.
The purple draconian knight breathes dispelling energy at you.
The bolt of dispelling energy misses you.
The purple draconian knight breathes dispelling energy at you.
The bolt of dispelling energy hits you!!
Your magical effects are unravelling.
* * * LOW HITPOINT WARNING * * *
You are momentarily dazzled by a brilliant light.
You feel yourself speed up.
The purple draconian knight hits you but does no damage.
The purple draconian knight hits you with a +0 great mace!
* * * LOW HITPOINT WARNING * * *
The purple draconian knight hits you but does no damage.
You swap places.
The purple draconian knight hits your angel with a +0 great mace!
Your angel hits the purple draconian knight with a +2 whip of holy wrath.
Your angel hits the purple draconian knight but does no damage.
The purple draconian knight breathes dispelling energy at you.
The bolt of dispelling energy misses your angel.
The bolt of dispelling energy hits you!!!
You die...

#....###.....##...##.....###..##.
.......##.......⌠.......##....#..
....#####..⌠.(.......⌠..#####....
..###..........#.#..........###..
..'.........)#######..........'..
#.####.......###q###.......####.#
#...###..⌠..###.A.###..⌠..###....
#.###.......# #)..# #......(###..
..'..#..))..# #.@.# #.....∩#).'..
..#####.....# #...# #.....#####..
......#..⌠..# #...# #..⌠..#......
.#.(..#.....# #...# #.....#..#...
.###..##....# #...# #....##.##...
.#..#..#....###...###....#..#####
.......##....##.).##....##.##
..###...##...###.###...##..#
...#.....##...##.##...##..##


You could see a purple draconian knight (fast, invisible, catching breath, ally
target) and a friendly angel (summoned).

Vanquished Creatures
  A dread lich (Crypt:3)
  An ancient lich (Crypt:3)
  Boris (twice) (Tomb:1 Depths:5)
  Frederick (Depths:5)
  the Lernaean hydra (Swamp:4)
  2 golden dragons (Depths:5)
  A Hellbinder (WizLab)
  A profane servitor (Abyss:2)
  3 bone dragons
  A tentacled monstrosity (Depths:2)
  4 liches
  A titan (Depths:5)
  3 tentacled starspawn (Abyss:2)
  3 ancient champions
  Kirke (D:12)
  8 sphinxes
  A death cob (Depths:5)
  A thorn hunter (Swamp:3)
  2 tengu reavers
  3 shadow dragons
  A storm dragon (Depths:5)
  The ghost of Ythron the Severer, an adept DDFi of Makhleb (Spider:1)
  Agnes (D:14)
  4 revenants
  9 fire giants
  10 frost giants
  Roxanne (Spider:3)
  A deep elf sorcerer (Vaults:2)
  A cacodemon (WizLab)
  2 iron dragons
  An orc warlord (Vaults:2)
  A blood saint (WizLab)
  3 emperor scorpions
  Louise (D:14)
  A balrug (WizLab)
  4 ghost moths
  9 vault wardens
  A curse skull (Crypt:3)
  2 draconian stormcallers (Depths:5)
  9 ghouls
  9 ironbound preservers
  3 spriggan defenders
  21 very ugly things
  3 reapers
  8 war gargoyles
  The ghost of HilariousDeathArtist the Slicer, a journeyman HuWn of Jiyva (Lair:2)
  19 stone giants
  2 bennus (Tomb:1)
  12 vampire knights
  Nessos (Lair:5)
  3 bunyips
  A green draconian (Depths:5)
  4 black draconians (Depths:5)
  4 entropy weavers
  A lorocyproca (WizLab)
  A red draconian (Depths:5)
  A deep elf annihilator (Vaults:2)
  A starcursed mass (Abyss:3)
  12 spark wasps
  19 dire elephants
  A yellow draconian (Depths:5)
  A purple draconian (Depths:5)
  2 eidola (Crypt:1)
  4 eleionomae
  9 mummy priests
  A merfolk impaler (Depths:1)
  5 crystal guardians
  3 green deaths
  11 jiangshi
  11 fire dragons
  6 ettins
  A blizzard demon (Abyss:2)
  5 great orbs of eyes
  4 deep elf death magi
  4 peacekeepers
  12 ice dragons
  3 shambling mangroves
  2 naga warriors (Abyss:3)
  4 yaktaur captains
  3 ironbound thunderhulks
  9 vault guards
  4 boulder beetles
  19 hydras
  4 rakshasas
  Erolcha (D:11)
  4 catoblepae
  4 spriggan air magi
  3 hell beasts
  3 ogre magi
  14 centaur warriors
  6 ironbound frosthearts
  2 ghost crabs
  17 two-headed ogres
  7 deep troll shamans
  3 death knights
  6 dancing weapons
  22 death scarabs (Tomb:1)
  2 tengu warriors (Depths:1)
  11 alligators
  11 death yaks
  A hell hog (Depths:4)
  2 titan zombies
  3 deep troll earth magi
  7 thrashing horrors (Abyss:2)
  11 vampire magi
  3 orc high priests (Orc:2)
  18 hell knights
  5 ironbound beastmasters
  2 spriggan berserkers (Depths:4)
  A storm dragon zombie (Abyss:2)
  Sonja (D:13)
  3 shadow wraiths
  A deep elf knight (Spider:3)
  A sun demon (WizLab)
  5 soul eaters
  3 wretched stars (Abyss:2)
  2 spatial maelstroms (Abyss:2)
  4 goliath frogs
  3 spriggan druids
  2 storm dragon skeletons
  22 deep trolls
  A ghost moth zombie (Abyss:2)
  A death drake (Abyss:3)
  A quicksilver dragon simulacrum (Depths:4)
  6 glowing orange brains
  A golden dragon zombie (Crypt:2)
  5 iron trolls
  9 swamp dragons
  11 bog bodies
  3 flayed ghosts
  An anaconda zombie (Abyss:2)
  7 shadow demons
  40 skeletal warriors
  A deep elf archer (Spider:3)
  5 wizards
  Pikel (D:8)
  4 orc knights
  2 wolf spider zombies
  7 harpies (Vaults:2)
  9 necromancers
  A lindwurm (shapeshifter) (Crypt:1)
  2 anaconda skeletons (Crypt:3)
  5 phantasmal warriors
  17 ironbound convokers
  18 orb spiders
  5 fire giant zombies
  5 lindwurms (Vaults:2)
  15 ugly things
  2 salamanders (Abyss:3)
  32 wolf spiders
  4 cyclopes
  A deep elf pyromancer (D:13)
  3 frost giant zombies
  3 stone giant zombies
  A sphinx zombie (D:15)
  5 orc sorcerers (Orc:2)
  2 stone giant skeletons
  8 will-o-the-wisps
  3 worldbinders (Abyss:2)
  A guardian serpent (Abyss:3)
  4 manticores
  3 moths of wrath
  15 vault sentinels
  2 apocalypse crabs (Abyss:2)
  A fire giant skeleton (Crypt:3)
  A dire elephant zombie (Crypt:3)
  4 black mambas
  23 elephants
  3 rust devils (WizLab)
  An eleionoma skeleton (Crypt:1)
  2 molten gargoyles (Volcano)
  3 orange demons
  An elephant slug zombie (Crypt:1)
  11 smoke demons
  6 spectral spriggans (Swamp:2)
  A frost giant skeleton (Crypt:3)
  4 gargoyles (Crypt:3)
  10 cane toads
  A shock serpent skeleton (Crypt:3)
  A torpor snail (Lair:4)
  Maggie (D:9)
  A kobold demonologist (D:8)
  2 rime drakes
  An unseen horror (Crypt:1)
  19 demonic crawlers
  26 yaktaurs
  A ghost moth simulacrum (Abyss:2)
  8 freezing wraiths
  2 dire elephant skeletons
  A tormentor (WizLab)
  An ice devil (WizLab)
  An efreet (D:13)
  3 tengu conjurers (Depths:1)
  9 komodo dragons
  3 ancient zymes
  A black draconian zombie (Abyss:2)
  A harpy zombie (Tomb:1)
  3 meliai (D:15)
  3 hellwings (WizLab)
  7 red devils
  3 catoblepas skeletons (Abyss:3)
  5 guardian mummies
  A hydra zombie (Abyss:2)
  5 trolls
  A tengu simulacrum (Depths:1)
  2 polar bears
  A jumping spider (shapeshifter) (Depths:5)
  37 jumping spiders
  6 tyrant leeches
  A wolf spider simulacrum (Crypt:1)
  Prince Ribbit (D:7)
  2 hydra skeletons
  28 hornets
  A meliai zombie (Crypt:2)
  23 blink frogs
  14 slime creatures
  4 dream sheep (Lair:6)
  An ettin zombie (Crypt:2)
  11 raiju
  An ettin skeleton (Abyss:2)
  An ice dragon zombie (Abyss:2)
  A harpy skeleton (Crypt:1)
  59 redbacks
  A spriggan skeleton (D:15)
  6 flying skulls (Abyss:3)
  2 air elementals (Abyss:3)
  2 fire dragon skeletons
  2 ushabtiu (Tomb:1)
  A black mamba zombie (Crypt:3)
  A satyr skeleton (Crypt:2)
  5 ynoxinuls (Abyss:2)
  22 large abominations
  12 wraiths
  8 wyverns
  An ice dragon skeleton (Crypt:3)
  11 spriggans
  5 shadows
  7 vampires
  A dire elephant simulacrum (Crypt:1)
  5 water elementals
  26 tarantellas
  A hog (D:12)
  14 yaks
  5 fire bats (Volcano)
  6 neqoxecs
  4 basilisks
  7 chaos spawn
  2 steam dragons
  11 vampire mosquitoes
  A naga (Abyss:3)
  Menkaure (D:7)
  5 spatial vortices (Abyss:2)
  3 acid dragons
  11 swamp worms
  26 water moccasins
  3 wargs
  An acid dragon (shapeshifter) (Depths:2)
  A cane toad zombie (Crypt:2)
  A floating eye (shapeshifter) (Abyss:2)
  3 human skeletons
  9 swamp drakes (Swamp:4)
  20 orc warriors
  9 ogres
  2 sky beasts
  4 black bears
  A manticore zombie (Abyss:2)
  9 necrophages
  20 small abominations
  9 boggarts
  A blink frog zombie (Crypt:2)
  24 wolves
  A manticore skeleton (Crypt:3)
  8 centaurs
  A swamp dragon skeleton (Crypt:1)
  2 phantoms
  A snapping turtle skeleton (Crypt:1)
  2 lemures
  13 bullfrogs
  A rime drake skeleton (Crypt:2)
  An elf skeleton (Crypt:2)
  A wyvern zombie (D:7)
  A palentonga skeleton (Crypt:2)
  A water moccasin zombie (Ossuary)
  2 earth elementals (Abyss:3)
  2 scorpions
  A water moccasin skeleton (Crypt:1)
  A warg zombie (Crypt:1)
  2 spriggan zombies
  10 killer bees
  26 wights
  4 electric eels
  6 howler monkeys
  6 lava snakes (Volcano)
  A raiju skeleton (Crypt:2)
  5 centaur zombies
  A crimson imp (Abyss:2)
  A basilisk zombie (Crypt:2)
  17 orc priests
  A black bear zombie (Crypt:2)
  3 hounds (D:6)
  A quasit (Abyss:2)
  3 jellies
  Terence (D:3)
  23 orc wizards
  Natasha (twice) (D:2)
  An iguana (D:5)
  6 hell rats
  A hound skeleton (D:3)
  12 mummies
  Robin (D:2)
  2 howler monkey zombies
  A howler monkey skeleton (D:4)
  4 adders
  7 gnolls
  2 swamp drake skeletons (Crypt:1)
  6 white imps
  An ufetubus (D:5)
  4 adder zombies (Ossuary)
  3 worms (D:15)
  4 dart slugs
  71 orcs
  4 endoplasms
  4 giant cockroaches
  5 gnoll zombies (Ossuary)
  21 goblins
  2 hobgoblins (D:1)
  A jackal (D:3)
  4 quokkas
  7 ball pythons
  5 bats
  5 frilled lizards (D:1)
  A giant cockroach zombie (Crypt:1)
  6 hobgoblin zombies (Ossuary)
  6 kobolds
  8 kobold zombies (Ossuary)
  3 orc zombies (Ossuary)
  7 rats
  A river rat skeleton (Crypt:2)
  A lurking horror (Abyss:2)
  A starspawn tentacle (Abyss:2)
1924 creatures vanquished.

Vanquished Creatures (collateral kills)
  A royal mummy (Tomb:1)
  A hellephant (Depths:3)
  2 sphinxes
  A fenstrider witch (Swamp:1)
  A vault warden (Vaults:2)
  A very ugly thing (Vaults:3)
  A mummy priest (Tomb:1)
  2 crystal guardians (Vaults:2)
  A hydra (Swamp:4)
  2 ironbound frosthearts (Vaults:2)
  A peacekeeper (Vaults:2)
  A vault guard (Vaults:2)
  3 death scarabs (Tomb:1)
  A hell knight (Depths:5)
  A spriggan druid (Swamp:1)
  A swamp dragon (Swamp:4)
  2 orc knights (Orc:2)
  An ugly thing (Vaults:1)
  A moth of wrath (Swamp:1)
  A vault sentinel (Vaults:3)
  A yaktaur (Vaults:2)
  2 orc warriors (Orc:2)
  An orc priest (Orc:2)
  A mummy (Tomb:1)
31 creatures vanquished.

Vanquished Creatures (others)
  A very ugly thing (Depths:1)
  2 bloated husks (Swamp:2)
  A tyrant leech (Swamp:1)
  A redback (Lair:3)
  A shadow (D:12)
  2 humans (D:12)
  A vampire mosquito (D:12)
  A swamp drake (Swamp:4)
  An orc (Orc:2)
  37 foxfires
  66 fungi
  A lurking horror (Abyss:3)
  49 plants
  4 starspawn tentacles (Abyss:2)
  15 withered plants
183 creatures vanquished.

Grand Total: 2138 creatures vanquished

Notes
Turn   | Place    | Note
-------+----------+-------------------------------------------
     0 | D:1      | freelancePsychic the Merfolk Ice Elementalist began the
                  | quest for the Orb.
     0 | D:1      | Reached XP level 1. HP: 13/13 MP: 3/3
    91 | D:1      | Reached XP level 2. HP: 12/19 MP: 1/5
   712 | D:1      | Reached skill level 5 in Ice Magic
   758 | D:1      | Reached XP level 3. HP: 24/24 MP: 6/6
   992 | D:1      | Found a faded altar of an unknown god.
  1385 | D:2      | Learned a level 3 spell: Frozen Ramparts
  1565 | D:2      | Noticed Sigmund
  1610 | D:2      | Reached XP level 4. HP: 20/30 MP: 3/7
  1748 | D:2      | Learned a level 3 spell: Ozocubu's Armour
  1753 | D:2      | Noticed Natasha
  1779 | D:2      | Killed Natasha
  1783 | D:2      | Reached XP level 5. HP: 32/36 MP: 1/8
  1910 | D:2      | Noticed Natasha
  1919 | D:2      | Killed Natasha
  1920 | D:2      | Reached skill level 1 in Fighting
  2052 | D:2      | Noticed Robin
  2065 | D:2      | Killed Robin
  2326 | D:3      | Reached XP level 6. HP: 43/44 MP: 9/9
  2542 | D:3      | Noticed Terence
  2547 | D:3      | Killed Terence
  2999 | D:3      | Reached skill level 5 in Dodging
  3264 | D:4      | Noticed an acid dragon
  3322 | D:4      | Noticed a black bear
  3332 | D:4      | Killed a black bear
  3396 | D:5      | Entered Level 5 of the Dungeon
  3619 | D:5      | Reached XP level 7. HP: 31/51 MP: 3/10
  4102 | D:5      | Found Ofagej's Magic Scroll Boutique.
  4108 | D:5      | Bought a scroll of identify for 22 gold pieces
  4108 | D:5      | Bought a scroll of identify for 22 gold pieces
  4108 | D:5      | Bought a scroll of identify for 22 gold pieces
  4108 | D:5      | Bought a scroll of teleportation for 33 gold pieces
  4122 | D:5      | Found an ornate altar of the Wu Jian Council.
  4391 | D:5      | Reached skill level 1 in Polearms
  4867 | D:6      | Reached skill level 2 in Polearms
  5000 | D:6      | Reached skill level 3 in Polearms
  5000 | D:6      | Reached XP level 8. HP: 51/60 MP: 5/11
  5004 | D:6      | Reached skill level 4 in Polearms
  5151 | D:6      | Found a glowing golden altar of the Shining One.
  5157 | D:6      | Became a worshipper of the Shining One
  5285 | D:6      | Found a sand-covered staircase.
  5297 | Ossuary  | Entered an ossuary
  5369 | Ossuary  | Reached * piety under the Shining One
  5422 | Ossuary  | Reached skill level 5 in Fighting
  5500 | Ossuary  | Reached ** piety under the Shining One
  5519 | Ossuary  | Reached skill level 5 in Polearms
  5742 | D:6      | Reached *** piety under the Shining One
  5743 | D:6      | Reached skill level 6 in Polearms
  5781 | D:6      | Reached XP level 9. HP: 61/69 MP: 3/12
  6438 | D:6      | Reached skill level 7 in Polearms
  6459 | D:6      | You fall into a shaft and drop 2 floors!
  6471 | D:8      | Noticed a hornet
  6475 | D:8      | Paralysed by a hornet for 2 turns
  6477 | D:8      | Killed a hornet
  6478 | D:8      | Reached skill level 1 in Invocations
  6740 | D:8      | Reached skill level 8 in Polearms
  6976 | D:8      | Found an opulent altar of Gozag.
  7461 | D:8      | Found a broken altar of Ashenzari.
  7550 | D:8      | Found an ancient bone altar of Kikubaaqudgha.
  8069 | D:7      | Reached **** piety under the Shining One
  8125 | D:7      | Reached skill level 9 in Polearms
  8174 | D:7      | Noticed Menkaure
  8182 | D:7      | Killed Menkaure
  8183 | D:7      | Reached XP level 10. HP: 51/80 MP: 6/13
  8395 | D:7      | Found a radiant altar of Vehumet.
  8395 | D:7      | Found a shimmering blue altar of Sif Muna.
  8446 | D:7      | Found a blossoming altar of Fedhas.
  8747 | D:7      | Noticed Prince Ribbit
  8768 | D:7      | Killed Prince Ribbit
  9517 | D:9      | Noticed a two-headed ogre
  9533 | D:10     | Entered Level 10 of the Dungeon
  9553 | D:10     | Noticed a two-headed ogre
  9567 | D:10     | Found a hide-covered altar of Uskayaw.
  9567 | D:10     | Found a basalt altar of Yredelemnul.
  9861 | D:11     | Noticed Erolcha
  9865 | D:11     | Identified a scroll of acquirement
  9866 | D:11     | Acquired the +12 bardiche "Otwust" {speed, +Rage rC+ Dex-2}
  9902 | D:11     | Killed a two-headed ogre
  9903 | D:11     | Reached skill level 10 in Polearms
  9903 | D:11     | Reached skill level 5 in Invocations
 10048 | D:10     | Reached skill level 11 in Polearms
 10143 | D:10     | Noticed a two-headed ogre
 10143 | D:10     | Noticed DemonSlayer's ghost (journeyman HuBe)
 10144 | D:10     | Found a transporter.
 10144 | D:10     | Noticed a two-headed ogre
 10146 | D:10     | Noticed a two-headed ogre
 10148 | D:10     | Found a transporter.
 10316 | D:10     | Noticed a two-headed ogre
 10323 | D:10     | Killed a two-headed ogre
 10389 | D:10     | Found a glowing silver altar of Zin.
 10407 | D:10     | Identified the +2 robe of Fydetrarch {Rampage Drain rElec
                  | SInv}
 10678 | D:10     | Reached skill level 12 in Polearms
 11116 | D:11     | You fall into a shaft and drop 2 floors!
 11120 | D:13     | Noticed a manticore
 11126 | D:13     | Killed a manticore
 11127 | D:13     | Reached XP level 11. HP: 77/89 MP: 14/16
 11281 | D:13     | Noticed Sonja
 11284 | D:13     | Killed Sonja
 11284 | D:13     | Noticed a cyclops
 11284 | D:13     | Noticed a manticore
 11291 | D:13     | Reached skill level 13 in Polearms
 11291 | D:13     | Noticed a centaur warrior
 11298 | D:13     | Killed a centaur warrior
 11302 | D:13     | Killed a cyclops
 11303 | D:13     | Reached skill level 10 in Fighting
 11471 | D:13     | Killed a manticore
 11675 | D:13     | Noticed a manticore
 11681 | D:13     | Killed a manticore
 11682 | D:13     | Reached skill level 14 in Polearms
 11953 | D:12     | Noticed a two-headed ogre
 11959 | D:12     | Killed a two-headed ogre
 11990 | D:12     | Noticed Kirke
 12010 | D:12     | Killed Kirke
 12011 | D:12     | Reached XP level 12. HP: 66/99 MP: 11/17
 12187 | D:12     | Noticed a two-headed ogre
 12196 | D:12     | Killed a two-headed ogre
 12197 | D:12     | Reached skill level 15 in Polearms
 12243 | D:12     | Reached skill level 10 in Dodging
 12409 | D:11     | Killed Erolcha
 12823 | D:11     | Found a staircase to the Orcish Mines.
 12981 | D:11     | Noticed a boulder beetle
 12995 | D:11     | Killed a boulder beetle
 13100 | D:9      | Noticed a death yak
 13104 | D:9      | Noticed a death yak
 13105 | D:9      | Noticed a death yak
 13111 | D:10     | Killed a death yak
 13201 | D:9      | Noticed a death yak
 13201 | D:9      | Noticed a death yak
 13201 | D:9      | Reached ***** piety under the Shining One
 13201 | D:9      | Noticed a death yak
 13215 | D:10     | Reached skill level 16 in Polearms
 13333 | D:9      | Noticed Pikel
 13351 | D:9      | Killed a death yak
 13353 | D:9      | Noticed a sun demon
 13713 | D:8      | Killed Pikel
 13813 | D:9      | Found a sparkling altar of Nemelex Xobeh.
 13874 | D:9      | Found a staircase to the Lair.
 13954 | D:9      | Noticed Maggie
 13966 | D:9      | Killed a two-headed ogre
 13967 | D:9      | Reached skill level 1 in Evocations
 13978 | D:9      | Killed Maggie
 14016 | D:9      | Killed a death yak
 14327 | D:9      | Killed a death yak
 14334 | D:9      | Killed a death yak
 14340 | D:9      | Killed a death yak
 14543 | D:9      | Found a shadowy altar of Dithmenos.
 14943 | D:4      | Reached XP level 13. HP: 108/108 MP: 18/18
 15113 | D:4      | Found a staircase to the Ecumenical Temple.
 15539 | Lair:1   | Entered Level 1 of the Lair of Beasts
 16321 | Lair:1   | Reached skill level 5 in Evocations
 17090 | Lair:2   | Found a runed translucent door.
 17095 | Lair:2   | Found a shimmering altar of Xom.
 17095 | Lair:2   | Noticed HilariousDeathArtist's ghost (journeyman HuWn)
 18063 | Lair:2   | Killed HilariousDeathArtist's ghost
 18137 | Lair:3   | Found a staircase to the Swamp.
 18894 | Lair:3   | Found a hole to the Spider Nest.
 19137 | Lair:3   | Reached XP level 14. HP: 112/118 MP: 19/19
 19847 | Lair:4   | Found a dark tunnel.
 19853 | Volcano  | Entered a volcano
 20199 | Volcano  | Found a radiant altar of Vehumet.
 20210 | Volcano  | Reached skill level 17 in Polearms
 21258 | Lair:4   | You fall into a shaft and drop 2 floors!
 21258 | Lair:6   | Entered Level 6 of the Lair of Beasts
 22251 | Lair:6   | Reached skill level 18 in Polearms
 22615 | Lair:6   | Reached XP level 15. HP: 127/127 MP: 22/22
 22626 | Lair:6   | Reached skill level 10 in Invocations
 22669 | Lair:6   | Identified the +1 chain mail of Xom's Envy {rPois rC-
                  | Int+7}
 22681 | Lair:6   | Got Sif Muna's Incunabulum of Aerial Toxins
 22855 | Lair:5   | Reached skill level 15 in Fighting
 23194 | Lair:5   | Noticed Nessos
 23323 | Lair:5   | Killed Nessos
 23418 | Lair:5   | Found a viscous altar of Jiyva.
 23419 | Lair:5   | Found a staircase to the Slime Pits.
 24166 | Orc:1    | Entered Level 1 of the Orcish Mines
 24352 | Orc:2    | Entered Level 2 of the Orcish Mines
 24490 | Orc:2    | Paralysed by an orc sorcerer for 7 turns
 24965 | Orc:2    | Reached ****** piety under the Shining One
 25025 | Orc:2    | Found a staircase to the Elven Halls.
 25072 | Orc:2    | Reached skill level 19 in Polearms
 25072 | Orc:2    | Reached skill level 1 in Armour
 25506 | Orc:2    | Found Modghou's Antique Armour Emporium.
 25506 | Orc:2    | Found Micra's Book Boutique.
 25516 | Orc:2    | Found Emidysef's Book Emporium.
 25516 | Orc:2    | Found Koeru's Assorted Antiques.
 25531 | Orc:2    | Bought an ichor-stained helmet for 247 gold pieces
 25531 | Orc:2    | Identified the +0 helmet of Polish {rElec} (You bought it
                  | in a shop on level 2 of the Orcish Mines)
 25538 | Orc:2    | Bought a scroll of blinking for 255 gold pieces
 25545 | Orc:2    | Bought a pair of runed gloves for 195 gold pieces
 25726 | Orc:2    | Bought the Unrestrained Analects for 660 gold pieces
 25933 | Spider:1 | Entered Level 1 of the Spider Nest
 25933 | Spider:1 | Noticed a ghost moth
 25942 | Lair:3   | Killed a ghost moth
 26081 | Lair:3   | Reached skill level 15 in Dodging
 26356 | Lair:3   | HP: 5/129 [entropy weaver (6)]
 27910 | Spider:1 | Reached XP level 16. HP: 98/136 MP: 24/24
 28178 | Spider:1 | Found a runed translucent door.
 28179 | Spider:1 | Noticed Ythron's ghost (adept DDFi)
 28206 | Spider:1 | Killed Ythron's ghost
 29043 | Spider:2 | Reached skill level 20 in Polearms
 30481 | Spider:3 | Noticed Roxanne
 31117 | Spider:2 | Reached skill level 1 in Transmutations
 31254 | Spider:3 | Reached skill level 1 in Earth Magic
 31875 | Spider:3 | Reached skill level 5 in Transmutations
 32211 | Spider:3 | Killed Roxanne
 32250 | Spider:3 | Learned a level 6 spell: Statue Form
 32261 | Spider:4 | Entered Level 4 of the Spider Nest
 33332 | Swamp:1  | Entered Level 1 of the Swamp
 33799 | D:13     | Reached XP level 17. HP: 131/142 MP: 25/25
 33915 | D:13     | Found a gate to the Vaults.
 34091 | D:14     | Reached skill level 10 in Transmutations
 34222 | D:14     | Noticed Agnes
 34237 | D:14     | Killed Agnes
 34449 | D:14     | Found Ofeg Lawk's Distillery.
 34612 | D:14     | Noticed Louise
 34625 | D:14     | Killed Louise
 34686 | D:14     | Found Wuxutrau's Distillery.
 34702 | D:14     | Bought a potion of might for 68 gold pieces
 35077 | D:15     | Entered Level 15 of the Dungeon
 35389 | D:14     | Reached skill level 5 in Earth Magic
 35398 | D:15     | Found a staircase to the Depths.
 36545 | D:15     | Found a bloodstained altar of Trog.
 37241 | Swamp:1  | Found a transporter.
 37682 | Swamp:1  | Identified the amulet "Fesakho" {Spirit Dex+2}
 37917 | Swamp:1  | Noticed freelancePsychic's ghost (adept MiBe)
 37918 | Swamp:1  | Found a bloodstained altar of Trog.
 37931 | Swamp:1  | Found a transporter.
 39129 | Swamp:2  | Reached XP level 18. HP: 149/149 MP: 24/26
 39902 | Swamp:2  | Reached skill level 15 in Transmutations
 41213 | Swamp:4  | Entered Level 4 of the Swamp
 41953 | Swamp:4  | Noticed the 27-headed Lernaean hydra
 42341 | Swamp:4  | Killed the 26-headed Lernaean hydra
 42617 | Swamp:4  | Got a decaying rune of Zot
 43787 | Spider:4 | Reached XP level 19. HP: 157/157 MP: 0/27
 43802 | Spider:4 | Reached skill level 21 in Polearms
 43839 | Spider:4 | Got a gossamer rune of Zot
 44443 | Vaults:1 | Entered Level 1 of the Vaults
 45841 | Vaults:1 | Reached skill level 22 in Polearms
 46596 | Vaults:2 | HP: 3/205 [crystal guardian/crystal bolt[a peacekeeper]
                  | (39)]
 48161 | Vaults:2 | Reached XP level 20. HP: 158/166 MP: 21/29
 48166 | Vaults:2 | Reached skill level 23 in Polearms
 49266 | Vaults:2 | Reached skill level 24 in Polearms
 49905 | Vaults:3 | Reached skill level 25 in Polearms
 50696 | Vaults:3 | Found a staircase to the Crypt.
 51273 | Vaults:3 | Identified the +10 arbalest of Megalomania {venom, rF++
                  | Int-3}
 51358 | Crypt:1  | Entered Level 1 of the Crypt
 51444 | Crypt:1  | Reached XP level 21. HP: 147/174 MP: 30/30
 51557 | Crypt:1  | Reached skill level 26 in Polearms
 51744 | Crypt:1  | Found a runed translucent gate.
 51745 | Crypt:1  | Found a runed translucent gate.
 51745 | Crypt:1  | Found a runed translucent gate.
 51840 | Crypt:1  | HP: 2/226 [reaper (41)]
 53929 | Crypt:3  | Entered Level 3 of the Crypt
 54224 | Crypt:3  | Reached XP level 22. HP: 184/184 MP: 33/33
 54291 | Crypt:3  | Identified the amulet "Gaqikol" {+Blink rPois rC+ Regen+
                  | Dex-3}
 54418 | Crypt:3  | Reached skill level 15 in Invocations
 54451 | Crypt:3  | Got Limutsol's Reference Book on Earthen Heat
 54539 | Crypt:3  | Found a staircase to the Tomb.
 54681 | Crypt:3  | Identified the +15 plate armour of the Yeti {Int+3 Dex+4}
 54693 | Crypt:3  | Got the Volume of Dislocation
 54953 | Crypt:3  | Found an ancient bone altar of Kikubaaqudgha.
 54964 | Crypt:3  | Noticed an ancient lich
 54968 | Crypt:3  | Killed an ancient lich
 55010 | Crypt:3  | Noticed a dread lich
 55024 | Crypt:3  | Paralysed by a dread lich for 2 turns
 55042 | Crypt:3  | Killed a dread lich
 55873 | Tomb:1   | Entered Level 1 of the Tomb of the Ancients
 56102 | Tomb:1   | Noticed Boris
 56113 | Tomb:1   | Paralysed by a sphinx for 3 turns
 56120 | Tomb:1   | Killed Boris
 56511 | Tomb:1   | Identified the +6 glaive of Light {spect, rPois}
 56812 | Tomb:1   | Noticed a royal mummy
 56822 | Tomb:1   | Killed a royal mummy
 57183 | Tomb:1   | Reached XP level 23. HP: 194/194 MP: 35/35
 57278 | Tomb:1   | Identified the +8 short sword "Uwimp" {flame, rF+ Int+3}
 57965 | Depths:1 | Entered Level 1 of the Depths
 58672 | Depths:1 | Found a one-way gate to the infinite horrors of the Abyss.
 59426 | Depths:1 | Found a gateway to Hell.
 59621 | Depths:1 | Paralysed by a sphinx for 4 turns
 60608 | Depths:2 | Paralysed by a vampire knight for 7 turns
 60952 | Depths:2 | Found a sacrificial altar of Ru.
 62056 | Depths:3 | Reached XP level 24. HP: 159/204 MP: 36/36
 62396 | Depths:3 | Acquired 244 gold pieces
 62442 | Depths:3 | Found a gateway to a ziggurat.
 62781 | Depths:3 | Found a runed translucent gate.
 62781 | Depths:3 | Found a runed translucent gate.
 62785 | Depths:3 | Found a runed translucent gate.
 62795 | Depths:3 | Noticed arson's ghost (veteran MiBe)
 62985 | Depths:3 | Found a one-way gate leading to the halls of Pandemonium.
 65344 | Depths:4 | Found a stormy altar of Qazlal.
 65366 | Depths:4 | Got the Catalogue of the Buccaneer
 65367 | Depths:4 | Identified the ring of Zilem {Fire rPois Str+4 Dex-4 SInv}
 65545 | Depths:5 | Entered Level 5 of the Depths
 65545 | Depths:5 | Found a runed translucent gate.
 65547 | Depths:5 | Found a runed translucent gate.
 65555 | Depths:5 | Noticed Frederick
 65563 | Depths:4 | Gained mutation: Your magical capacity is low. (-10% MP)
                  | [mutagenic glow]
 65640 | Depths:5 | Killed Frederick
 65693 | Depths:5 | Found a magical portal.
 65698 | WizLab   | Entered The Hall of the Hellbinder
 65792 | WizLab   | Reached skill level 5 in Armour
 65808 | WizLab   | Gained mutation: Your spells are a little easier to cast,
                  | but a little less powerful. [a cacodemon]
 65902 | WizLab   | Reached XP level 25. HP: 210/210 MP: 33/33
 65910 | WizLab   | Found a burning altar of Makhleb.
 65926 | WizLab   | Got Sif Muna's Guide on Creation
 65927 | WizLab   | Identified the +0 cloak of Precision Catastrophes {Harm
                  | Rampage rElec}
 65928 | WizLab   | Identified the +2 cloak "Ekivustropay" {Rampage rC+ Slay+3}
 65932 | WizLab   | Identified the amulet of Sif Muna's Hope {Spirit rElec
                  | rPois Int-2}
 65966 | WizLab   | Identified the +9 demon whip "Zatogulo" {drain, Will- Str+6
                  | Dex+6}
 66193 | Depths:5 | Found Kufa Fir's Antique Armour Shoppe.
 66198 | Depths:5 | Noticed Boris
 66220 | Depths:5 | Killed Boris
 67471 | Depths:5 | Found a runed translucent gate.
 67472 | Depths:5 | Noticed Bocughoh's ghost (adept HaHu)
 67739 | Depths:5 | Identified the +0 hunting sling of Spores {freeze, rC++ rN+
                  | Will+ Int-5}
 67939 | Depths:5 | Found a gate to the Realm of Zot.
 68219 | Depths:5 | Voluntarily entered the Abyss.
 69584 | Abyss:2  | Gained mutation: You are frail. (-10% HP) [a neqoxec]
 69640 | Abyss:2  | Reached skill level 10 in Earth Magic
 69688 | Abyss:3  | Paralysed by an air elemental for 1 turns
 69692 | Abyss:3  | Paralysed by an air elemental for 1 turns
 69693 | Abyss:3  | Paralysed by an air elemental for 1 turns
 69694 | Abyss:3  | Paralysed by an air elemental for 1 turns
 69697 | Abyss:3  | Paralysed by an air elemental for 1 turns
 69699 | Abyss:3  | Paralysed by an air elemental for 1 turns
 69700 | Abyss:3  | Paralysed by an air elemental for 1 turns
 69729 | Abyss:3  | Got an abyssal rune of Zot
 69959 | Depths:5 | Escaped the Abyss
 70063 | Zot:1    | Entered Level 1 of the Realm of Zot
 70077 | Depths:5 | Reached XP level 26. HP: 99/196 MP: 28/33
 70328 | Depths:5 | Killed from afar by a purple draconian knight

Illustrated notes

Levels and vault maps discovered:
D:1:      eino_arrival_druids_welcome, layout_loops_ring,
          hellmonk_ecumenical_altar_lost_god, kennysheep_boxes
D:2:      layout_basic, uniq_natasha, uniq_robin, uniq_sigmund
D:3:      layout_basic, kennysheep_generic_room_5, uniq_terence
D:4:      layout_rooms, temple_hall
D:5:      layout_cave_pools, nzn_wu_jian_contemplation, serial_shops, shop
D:6:      layout_layer_cave, nicolae_tso_swordbearing_angel,
          gup_ossuary_entry_pyramid, minmay_starry_boxes
D:7:      layout_gridville, fedhas_altar_3, grunt_temple_overflow_open,
          minmay_misc_feat_chi, uniq_menkaure, uniq_prince_ribbit1
D:8:      layout_basic, grunt_gozag_breadcrumbs, ashenzari_altar_1,
          mainiacjoe_overflow_alcove_2
D:9:      layout_cave_pools, grunt_dithmenos_smoke,
          mainiacjoe_overflow_cross_hatched, dpeg_lair_monsters, uniq_pikel,
          uniq_maggie
D:10:     layout_basic, mainiacjoe_overflow_paths,
          eat_drink_and_be_merry_uskayaw, nicolae_overflow_crystal_walls,
          gammafunk_ghost_smash, serial_rivers, chequers_serial_rivers_room_b,
          chequers_serial_rivers_micro_c, chequers_serial_rivers_small_a,
          chequers_serial_rivers_marsh, chequers_serial_rivers_micro_a
D:11:     layout_basic, hiddenorc1_lemuel, uniq_erolcha
D:12:     layout_rooms, uniq_kirke
D:13:     layout_loops_ring, david_vaults_5, the_hattery, uniq_sonja
D:14:     layout_roguey, hangedman_decor_lopped, serial_shops,
          nicolae_shop_stone, nicolae_inconvenience_store, uniq_louise,
          uniq_agnes
D:15:     gammafunk_depths_entry_grave, layout_long_grid, grunt_decor_junction,
          tgw_trog
Lair:1:   layout_misc_corridors, beast_lair_carwin_4
Lair:2:   layout_gridlike, ebering_ghost_xom, chequers_serial_rivers_micro_c,
          beast_lair_carwin_8
Lair:3:   layout_chaotic_city, minmay_swamp_entry_eels, spider_nest_entry_a,
          serial_bayou_pond_e, serial_bayou_shore_a
Lair:4:   layout_gridlike, nicolae_volcano_entry_hallway, minmay_hedge_maze,
          bobbens_ice_dragon_lair
Lair:5:   layout_hall_layers, dpeg_slime_entry_enclosed_altar, st_stairs_11,
          uniq_nessos
Lair:6:   grunt_lair_end_beastmaster, layout_loops_ring
Swamp:1:  layout_basic_swamp, gammafunk_ghost_wrathful_warriors,
          serial_swamp_ruin, evilmike_swamp_ruin_rubble_1,
          evilmike_swamp_ruin_house_6, evilmike_swamp_ruin_wall
Swamp:2:  nicolae_swamp_flooded_prison, layout_basic_swamp,
          nicolae_swamp_feature_on_the_river_bank
Swamp:3:  layout_basic_swamp, nicolae_swamp_oxbows
Swamp:4:  swamp_old_school, layout_basic_swamp, swamp_pool5,
          infiniplex_staircase_pool_2
Spider:1: layout_spider_delve, ebering_ghost_reflecting_pool,
          guppyfry_hornet_nest
Spider:2: layout_chambers
Spider:3: layout_spider_delve, beargit_elvish_explorers, uniq_roxanne
Spider:4: grunt_spider_rune_island, hangedman_spider_tarantella_strand
Orc:1:    layout_diamond_mine
Orc:2:    grunt_orc_tribal_feast, layout_caves
Vaults:1: ontoclasm_vaults_claustrophobia, v_alt_pattern_1, v_misc_24,
          ontoclasm_vaults_tryst, grunt_vaults_hallway_short,
          ontoclasm_vaults_misaligned, v_misc_4, vaults_dpeg_hooks,
          hangedman_vaults_maws, nicolae_vaults_specimen_jars,
          nicolae_vaults_sealed_display, v_pattern_3, vaults_room_corners,
          nicolae_vaults_mini_display_case, layout_vaults_chaotic_city
Vaults:2: nicolae_vaults_c_with_doors, v_misc_16, hangedman_vaults_corner,
          hangedman_vaults_restitches, v_rooms_3, v_misc_25,
          ontoclasm_vaults_pinch, nicolae_vaults_network_quinsquares
          [nicolae_vaults_network_quincunx_subvault,
          nicolae_vaults_network_quincunx_subvault,
          nicolae_vaults_network_quincunx_subvault,
          nicolae_vaults_network_quincunx_subvault], vaults_mumra_hexcomb,
          nicolae_vaults_little_squares_1, nicolae_vaults_what_the_h,
          layout_vaults_omnibox, uniq_margery
Vaults:3: ontoclasm_vaults_eye, nicolae_vaults_little_squares_2,
          minmay_crypt_entry_simple_plaza, nicolae_vaults_yaktaur_gun_rack,
          vaults_mumra_chevron_long, nicolae_vaults_big_angled_halls,
          hangedman_vaults_stream, v_misc_4, vaults_room_fours,
          nicolae_vaults_big_angled_halls, v_rooms_1, vaults_dpeg_ring,
          vaults_dpeg_encased_lava, layout_vaults_big_cross
Crypt:1:  layout_chaotic_city, pandoras_box_mu
Crypt:2:  layout_basic, special_room [special_room_morgue], minivault_5
Crypt:3:  quadcrypt_mu
Tomb:1:   uniq_boris
Depths:1: layout_gridlike, grunt_hell_entry_dis_grunt,
          hangedman_abyss_entry_splay, minmay_librarian
Depths:2: kennysheep_blocky_room, layout_basic, nicolae_ru_sacrificial_ziggurat,
          pf_hell_entry_great_geh, laboratory,
          infiniplex_staircase_hallway_doors
Depths:3: mu_elephants_graveyard, layout_gridlike, enter_ziggurat_b,
          biasface_ghost_demon_polymorph, hell_entry, pan_entry
Depths:4: regret_index_qazlal_generations, layout_gridlike,
          grunt_mini_vestibule, abyss_entry, kennysheep_path_1,
          infiniplex_staircase_river
Depths:5: grunt_zot_entry_gee_three, layout_twisted_cross, mu_enter_wizlab_2,
          abyss_entry, hell_entry, gammafunk_ghost_tricky_traps, chequers_jeans,
          serial_shops, shop, serial_bayou_shore_b, uniq_frederick
Zot:1:    lemuel_draconian_sentries_small, layout_gridlike, zot_minivault_1

Skill      XL: |  1  2  3  4  5  6  7  8  9 10 11 12 13 14 15 16 17 18 19 20 21 22 23 24 25 |
---------------+----------------------------------------------------------------------------+-----
Dodging        | 3 4 5 6 8 9 11 13 14 15 16 17 18 20 22 23 | 23.6
Ice Magic      | 5 6 7 |  7.8
Fighting       | 1 2 4 6 7 9 10 12 13 14 15 16 17 18 19 20 | 20.0
Polearms       | 3 6 9 12 14 16 18 19 20 22 25 26 | 26.0
Invocations    | 4 6 7 9 10 11 12 13 14 16 18 19 | 19.6
Evocations     | 3 7 |  7.9
Armour         | 3 4 5 8 |  8.4
Transmutations | 9 14 16 17 19 | 19.2
Earth Magic    | 3 6 7 10 | 10.4
Spellcasting   | 4 |  4.0
Stealth        | |  2.1

Action                   |  1- 3 |  4- 6 |  7- 9 | 10-12 | 13-15 | 16-18 | 19-21 | 22-24 | 25-27 || total
-------------------------+-------+-------+-------+-------+-------+-------+-------+-------+-------++-------
Melee: Unarmed           |    22 |       |       |       |       |       |       |       |     7 ||    29
       Tailslap          |     1 |       |       |       |     1 |    33 |     7 |       |     3 ||    45
       Dagger            |    35 |    79 |    26 |       |       |       |       |       |       ||   140
       Spear             |       |       |    70 |       |       |       |       |       |       ||    70
       Trident           |       |       |   362 |    45 |       |       |       |       |       ||   407
       Bardiche          |       |       |       |   302 |   938 |  1222 |  1363 |  1460 |   744 ||  6029
 Cast: Freeze            |    27 |       |       |       |       |       |       |       |       ||    27
       Frozen Ramparts   |     1 |    13 |    26 |    15 |    14 |       |     9 |     1 |     1 ||    80
       Ozocubu's Armour  |       |     7 |    16 |     9 |     9 |     1 |       |       |     1 ||    43
       Statue Form       |       |       |       |       |       |    29 |    20 |    26 |    11 ||    86
Invok: Divine Shield     |       |       |       |     7 |     5 |     7 |     6 |     2 |     1 ||    28
       Cleansing Flame   |       |       |       |     3 |    12 |     9 |     6 |     8 |     4 ||    42
       Summon Divine War |       |       |       |       |     1 |     3 |     3 |     3 |     2 ||    12
 Abil: Evoke Berserk Rag |       |       |       |       |    14 |    16 |     6 |     4 |     4 ||    44
       End Transformatio |       |       |       |       |       |       |       |       |     3 ||     3
Evoke: Wand              |       |       |    12 |     3 |    22 |    19 |     4 |       |       ||    60
  Use: Scroll            |       |       |    12 |    13 |    15 |     5 |     5 |     2 |     9 ||    61
       Potion            |       |       |     3 |     4 |     3 |     5 |     5 |     5 |     1 ||    26
 Stab: Sleeping          |     7 |     2 |       |       |       |       |       |       |       ||     9
Armor: Robe              |    11 |    11 |       |       |       |       |       |       |       ||    22
       Ring mail         |       |    11 |   138 |    76 |   142 |    35 |       |       |       ||   402
       Scale mail        |       |       |       |       |    76 |   146 |       |       |       ||   222
       Skin              |       |       |       |       |       |   249 |   117 |   144 |    23 ||   533
       Steam dragon scal |       |       |       |       |       |    54 |    61 |    61 |       ||   176
       Fire dragon scale |       |       |       |       |       |       |       |     4 |   130 ||   134
Dodge: Dodged            |    51 |    52 |   282 |   216 |   714 |  1534 |   884 |   957 |   466 ||  5156
Block: Other             |       |       |    17 |    87 |   198 |   450 |   277 |   193 |    86 ||  1308
       Reflection        |       |       |       |     5 |     5 |     9 |    28 |     4 |       ||    51

Table legend: (Time is in decaauts)
 A = Elapsed time spent in this place.
 B = Non-inter-level travel time spent in this place.
 C = Inter-level travel time spent in this place.
 D = Time resting spent in this place.
 E = Time spent auto-exploring this place.
 F = Levels seen in this place.
 G = Mean time per level.
                   A        B        C        D        E       F      G
               +--------+--------+--------+--------+--------+-----+--------+
         Total |  69442 |  65578 |   3864 |  14761 |  39929 |  50 | 1388.8 |
       Dungeon |  18327 |  16748 |   1579 |   2223 |  11823 |  15 | 1221.8 |
          Lair |   9962 |   9306 |    656 |   3400 |   4865 |   6 | 1660.3 |
         Swamp |   6149 |   5975 |    174 |   2138 |   2917 |   4 | 1537.2 |
   Spider Nest |   7170 |   6950 |    220 |   2413 |   3500 |   4 | 1792.5 |
  Orcish Mines |   1587 |   1473 |    114 |    370 |    782 |   2 |  793.5 |
        Vaults |   7114 |   6861 |    253 |   1415 |   4582 |   3 | 2371.3 |
         Crypt |   4306 |   3909 |    397 |     53 |   2979 |   3 | 1435.3 |
          Tomb |   1923 |   1775 |    148 |    558 |    759 |   1 | 1923.0 |
        Depths |   9997 |   9678 |    319 |   1888 |   6467 |   5 | 1999.4 |
           Zot |     11 |     11 |      0 |      0 |      0 |   1 |   11.0 |
         Abyss |   1563 |   1563 |      0 |     97 |    781 |   3 |  521.0 |
       Ossuary |    419 |    419 |      0 |      0 |    232 |   1 |  419.0 |
       Volcano |    543 |    543 |      0 |    204 |    189 |   1 |  543.0 |
        Wizlab |    366 |    366 |      0 |      0 |     49 |   1 |  366.0 |
               +--------+--------+--------+--------+--------+-----+--------+

Top non-repeatable levels by time:
Vaults:2: 3076 daAuts
  Lair:2: 2639 daAuts
Depths:5: 2606 daAuts
  Lair:3: 2605 daAuts
Spider:2: 2435 daAuts
Depths:1: 2431 daAuts
Depths:4: 2309 daAuts
 Swamp:2: 2159 daAuts
Vaults:1: 2135 daAuts
 Crypt:3: 1936 daAuts
  Tomb:1: 1923 daAuts
Vaults:3: 1902 daAuts
     D:8: 1878 daAuts
 Swamp:3: 1736 daAuts
Spider:3: 1659 daAuts
